 Dungeon Crawl Stone Soup version 0.30-a0-782-ge64f9170bb (webtiles) character file.

Game seed: 563772156467086779

7 mopl the Vexing (level 1, -3/10 HPs)
             Began as a Deep Elf Enchanter on Mar 13, 2023.
             Slain by a quokka (5 damage)
             ... on level 1 of the Dungeon.
             The game lasted 00:00:17 (221 turns).

mopl the Vexing (Deep Elf Enchanter)                 Turns: 221, Time: 00:00:18

Health: -3/10      AC:  2    Str:  5    XL:     1   Next: 83%
Magic:  6/6        EV: 12    Int: 19    God:
Gold:   26         SH:  0    Dex: 15    Spells: 6/6 levels left

rFire   . . .      SeeInvis .    a - +1 dagger
rCold   + . .      Faith    .    (no shield)
rNeg    . . .      Spirit   .    b - +0 robe
rPois   .          Reflect  .    (no helmet)
rElec   .          Harm     .    (no cloak)
rCorr   .          Rampage  .    (no gloves)
Will    .....                    (no boots)
Stlth   +++                      e - amulet of the acrobat
HPRegen 0.21/turn                g - ring of protection from cold
MPRegen 0.10/turn                (no ring)

@: no status effects
A: no striking features
a: no special abilities


You were on level 1 of the Dungeon.
You visited 1 branch of the dungeon, and saw 1 of its levels.

You collected 26 gold pieces.

Inventory:

Hand Weapons
 a - a +1 dagger (weapon)
Armour
 b - a +0 robe (worn)
Jewellery
 e - an amulet of the acrobat (around neck)
 g - a ring of protection from cold (left hand)
Potions
 c - 2 potions of invisibility
 d - a potion of curing {unknown}
 f - 2 potions of attraction {unknown}


   Skills:
 + Level 1.2 Short Blades
 - Level 2.4 Dodging
 + Level 3.8 Stealth
 + Level 3.2 Spellcasting
 + Level 4.2 Hexes


You had 6 spell levels left.
You didn't know any spells.
Your spell library contained the following spells:

 Spells                   Type           Power      Damage    Failure   Level
 Confusing Touch          Hex            19%        N/A       8%          3
 Tukima's Dance           Hex            19%        N/A       8%          3
 Ensorcelled Hibernation  Hex/Ice        22%        N/A       10%         2
 Dazzling Flash           Conj/Hex       22%        N/A       19%         3


Dungeon Overview and Level Annotations

Branches:
Dungeon (1/15)

Altars:


Message History

Found 12 gold pieces.
A frilled lizard is nearby!
There is an open door here.
The helpless frilled lizard fails to defend itself.
You impale the frilled lizard!!
You kill the frilled lizard!
No target in view!
No target in view!
No target in view!
No target in view!
You now have 26 gold pieces (gained 12).
You open the door.
Found a scale mail.
There is an open door here.
Found a great mace.
No target in view!
A ball python comes into view.
A ball python is nearby!
The helpless ball python fails to defend itself.
You impale the ball python!!
You kill the ball python!
No target in view!
Found an escape hatch in the floor.
A quokka comes into view.
Found a runed dagger.
The quokka barely misses you.
You hit the quokka but do no damage. The quokka bites you.
You closely miss the quokka. The quokka bites you.
You closely miss the quokka. The quokka bites you.
Ouch! That really hurt!
* * * LOW HITPOINT WARNING * * *
You are too injured to fight recklessly!
You are too injured to fight recklessly!
You are too injured to fight recklessly!
You are too injured to fight recklessly!
You are too injured to fight recklessly!
You are too injured to fight recklessly!
The quokka attacks as you move away! The quokka bites you.
Ouch! That really hurt!
You die...

##.....##
#.#######
##...## #.#
##+## #.# #. #.#
##.##### #.#
##......# #.#
#.......# #.#
###...>...####.#
......r@.......#
####..##..######
#.....)#
#.###.## ..#
####


You could see a quokka.

Vanquished Creatures
  An endoplasm (D:1)
  A quokka (D:1)
  3 ball pythons (D:1)
  A frilled lizard (D:1)
6 creatures vanquished.

Notes
Turn   | Place    | Note
-------+----------+-------------------------------------------
     0 | D:1      | mopl the Deep Elf Enchanter began the quest for the Orb.
     0 | D:1      | Reached XP level 1. HP: 10/10 MP: 6/6
   221 | D:1      | Slain by a quokka

Illustrated notes

Levels and vault maps discovered:
D:1:      scummos_arrival_star, layout_loops_corners,
          nicolae_kite_square_tiling_tiny, chequers_serial_rivers_micro_d,
          minmay_hedge_maze, minmay_stone_trees_large, nicolae_wormholes

Action                     || total
---------------------------++-------
  Melee: Dagger            ||    14
   Stab: Sleeping          ||     3
 Armour: Robe              ||     2
  Dodge: Dodged            ||     8

Table legend: (Time is in decaauts)
 A = Elapsed time spent in this place.
 B = Non-inter-level travel time spent in this place.
 C = Inter-level travel time spent in this place.
 D = Time resting spent in this place.
 E = Time spent auto-exploring this place.
 F = Levels seen in this place.
 G = Mean time per level.
                   A        B        C        D        E       F      G
               +--------+--------+--------+--------+--------+-----+--------+
         Total |    219 |    219 |      0 |      0 |    169 |   1 |  219.0 |
       Dungeon |    219 |    219 |      0 |      0 |    169 |   1 |  219.0 |
               +--------+--------+--------+--------+--------+-----+--------+

Top non-repeatable levels by time:
     D:1: 219 daAuts
